 Dungeon Crawl Stone Soup version 0.24.0 (webtiles) character file.

Game seed: 10184229524994348909, levelgen mode: deterministic

373 Buxparty the Poker (level 6, -3/48 HPs)
             Began as a Mummy Gladiator on Jan 21, 2020.
             Slain by a phantom (4 damage)
             ... on level 4 of the Dungeon.
             The game lasted 00:09:20 (4549 turns).

Buxparty the Poker (Mummy Gladiator)                Turns: 4549, Time: 00:09:20

Health: -3/48      AC:  4    Str: 19    XL:     6   Next: 43%
Magic:  6/6        EV: 12    Int:  8    God:
Gold:   124        SH:  0    Dex: 13    Spells: 5/5 levels left

rFire    x . .     SeeInvis .   a - +0 trident
rCold    + . .     Gourm    .   (no shield)
rNeg     + + +     Faith    .   b - +0 leather armour
rPois    ∞         Spirit   .   c - +0 helmet
rElec    .         Reflect  .   (no cloak)
rCorr    .         Harm     .   (no gloves)
MR       .....                  (no boots)
Stlth    +.........             (no amulet)
HPRegen  0.16/turn              (no ring)
MPRegen  0.10/turn              (no ring)

@: no status effects
A: no food or potions, fire vulnerability, cold resistance 1, negative energy
resistance 3, torment resistance, unbreathing
a: no special abilities


You were on level 4 of the Dungeon.
You were not hungry.

You visited 1 branch of the dungeon, and saw 4 of its levels.

You collected 124 gold pieces.

Inventory:

Hand Weapons
 a - a +0 trident (weapon)
Missiles
 d - 3 throwing nets (quivered)
 l - 32 poisoned darts
 n - 6 atropa-tipped darts
Armour
 b - a +0 leather armour (worn)
 c - a +0 helmet (worn)
Jewellery
 e - an uncursed ring of protection from magic {unknown}
 k - an uncursed ring of poison resistance {unknown}
Wands
 p - a wand of clouds (3)
Scrolls
 f - a scroll of noise {unknown}
 g - 2 scrolls of teleportation {unknown}
 h - 4 scrolls of identify {unknown}
 i - a scroll of enchant weapon {unknown}
 j - 3 scrolls of immolation {unknown}
 m - a scroll of magic mapping {unknown}
 o - a scroll of random uselessness {unknown}


   Skills:
 + Level 4.2 Fighting
 * Level 5.1 Polearms
 - Level 1.5 Throwing
 - Level 2.4 Dodging


You had 5 spell levels left.
You didn't know any spells.
Your spell library was empty.

Dungeon Overview and Level Annotations

Branches:
Dungeon (4/15)
 Temple: D:4-7

Altars:
Fedhas

Annotations:
D:4 1 runed translucent door, Sigmund; doctagon's ghost, amateur DrFi


Innate Abilities, Weirdness & Mutations

You do not eat or drink.
Your flesh is vulnerable to fire.
You are immune to poison.
Your flesh is cold resistant. (rC+)
You are immune to negative energy. (rN+++)
You are immune to unholy pain and torment.
You can survive without breathing.


Message History

The phantom is almost destroyed.
The phantom blinks!
The phantom blinks!
The phantom blinks!
Attack whom?
Press: ? - help, Dir - move target cursor, f/p - phantom
Aim: a phantom (almost destroyed)
You reach to attack!
You closely miss the phantom.
The phantom is almost destroyed.
You hit the phantom.
The phantom is almost destroyed.
The phantom barely misses you.
You barely miss the phantom.
The phantom is almost destroyed.
The phantom hits you.
* * * LOW HITPOINT WARNING * * *
You barely miss the phantom.
The phantom is almost destroyed.
The phantom hits you.
You die...

....# #.##...#........##.....##
##..# #.##.#.#.#.##.#.##....##
###.. #....#...............## #
#...#.##.#.#.##.###.##..##
####..#.##.................# .#
##...##.#.##.###.####...##
.###..#.##.#.##.###.####....####
.>....#........................#
#......#######.W@...........####
#......# #.............##
.......## ##.........)...#
........# ##....!........##
........####..............# ##
....#....#................## ##.
#..........................####)#
###....................###...)[##
. #......########....### ###...#


You could see a phantom.

Vanquished Creatures
  A howler monkey (D:4)
  An orc priest (D:4)
  A bullfrog skeleton (D:3)
  An orc wizard (D:4)
  Natasha (thrice) (D:3)
  A hound zombie (D:4)
  3 gnolls (D:4)
  3 adders
  2 oozes
  3 dart slugs
  2 leopard geckos (D:2)
  16 orcs
  11 bats
  A bat skeleton (D:2)
  5 giant cockroaches
  6 goblins
  5 hobgoblins
  2 jackals (D:2)
  6 frilled lizards
  A jackal skeleton (D:4)
  7 kobolds
  8 rats
89 creatures vanquished.

Notes
Turn   | Place    | Note
-------+----------+-------------------------------------------
     0 | D:1      | Buxparty the Mummy Gladiator began the quest for the Orb.
     0 | D:1      | Reached XP level 1. HP: 16/16 MP: 1/1
    80 | D:1      | Reached XP level 2. HP: 16/22 MP: 2/2
   360 | D:1      | You fall into a shaft and drop 1 floor!
   376 | D:1      | Reached skill level 3 in Polearms
   928 | D:2      | Reached XP level 3. HP: 28/28 MP: 3/3
  1701 | D:2      | Reached XP level 4. HP: 27/34 MP: 4/4
  1795 | D:3      | Found a faded altar of an unknown god.
  1816 | D:3      | Noticed Natasha
  1822 | D:3      | Killed Natasha
  1822 | D:3      | Reached skill level 4 in Polearms
  2087 | D:3      | Noticed Natasha
  2097 | D:3      | Killed Natasha
  2097 | D:3      | Reached XP level 5. HP: 31/41 MP: 5/5
  2178 | D:3      | Noticed Natasha
  2186 | D:3      | Killed Natasha
  2415 | D:3      | You fall into a shaft and drop 1 floor!
  3151 | D:4      | Reached XP level 6. HP: 45/48 MP: 6/6
  3253 | D:4      | Noticed Sigmund
  3261 | D:4      | Found a runed translucent door.
  3265 | D:4      | Noticed doctagon's ghost (amateur DrFi)
  3800 | D:3      | Found a blossoming altar of Fedhas.
  3961 | D:4      | Reached skill level 5 in Polearms
  4548 | D:4      | HP: 1/48 [phantom (6)]
  4549 | D:4      | Slain by a phantom

Levels and vault maps discovered:
D:1:      ncdulo_lavacross, layout_basic, fountainhead
D:2:      minmay_general_purpose_star, layout_loops_ring
D:3:      layout_basic, lemuel_coloured_pillars_altar,
          chequers_ecumenical_altar_island, uniq_natasha
D:4:      kennysheep_big_flooded_room, layout_layer_cave,
          minmay_temple_entry_fiery, first_ration, ebering_ghost_sewer_d,
          minmay_diced_spiral, uniq_sigmund
